 Dungeon Crawl Stone Soup version 0.32-a0-607-g64ea0e4219 (webtiles) character file.

Game seed: 10875563449343935301

228 porpoise the Shooter (level 5, -4/48 HPs)
             Began as a Minotaur Hunter on Mar 4, 2024.
             Slain by Pikel
             ... wielding a +2 whip of electrocution
              (7 damage)
             ... on level 4 of the Dungeon.
             The game lasted 00:07:33 (2620 turns).

porpoise the Shooter (Minotaur Hunter)              Turns: 2620, Time: 00:07:34

Health: -4/48      AC:  6    Str: 16    XL:     5   Next: 70%
Magic:  4/4        EV: 12    Int:  6    God:
Gold:   116        SH:  0    Dex: 15    Spells: 4/4 levels left

rFire   . . .        a - +0 shortbow
rCold   . . .        (shield currently unavailable)
rNeg    . . .        c - +0 leather armour
rPois   .            (helmet restricted)
rElec   .            (no cloak)
rCorr   .            d - +1 pair of gloves
SInv    .            h - +0 pair of boots
Will    .....        (no amulet)
Stlth   +            (no ring)
HPRegen 0.28/turn    (no ring)
MPRegen 0.09/turn

%: no passive effects
@: no status effects
A: horns 2, retaliatory headbutt
a: no special abilities


You were on level 4 of the Dungeon.
You visited 1 branch of the dungeon, and saw 4 of its levels.

You collected 116 gold pieces.

Inventory:

Hand Weapons
 a - a +0 shortbow (weapon)
 b - a +2 dagger of venom
Missiles
 e - a boomerang
Armour
 c - a +0 leather armour (worn)
 d - a +1 pair of gloves (worn)
 f - an orb of mayhem
 h - a +0 pair of boots (worn)
Scrolls
 g - a scroll of poison {unknown}
 q - a scroll of butterflies
Potions
 j - 3 potions of mutation
 k - 2 potions of heal wounds
 m - a potion of magic
 n - 3 potions of brilliance
 o - a potion of curing {unknown}
 p - a potion of lignification {unknown}


   Skills:
 + Level 5.1 Fighting
 + Level 6.1 Ranged Weapons
 - Level 2.0 Armour
 - Level 2.1 Dodging
 - Level 0.7 Stealth


You had 4 spell levels left.
You didn't know any spells.
Your spell library contained the following spells:

 Spells                   Type           Power      Damage    Failure   Level
 Freeze                   Ice            0%         1d3       52%         1
 Cigotuvi's Dreadful Rot  Necr/Alch/Air  0%         N/A       67%         2
 Frozen Ramparts          Ice            0%         1d1       88%         3
 Hailstorm                Conj/Ice       0%         3d5       88%         3
 Ignite Poison            Fire/Alch      0%         N/A       99%         4
 Leda's Liquefaction      Alch/Erth      0%         N/A       99%         4
 Freezing Cloud           Conj/Ice/Air   0%         6-21      100%        5
 Lee's Rapid Deconstruct  Erth           0%         3d4*      100%        5
 Bombard                  Conj/Erth      0%         9d1       100%        6


Dungeon Overview and Level Annotations

Branches:
Dungeon (4/15)
 Temple: D:4-7

Altars:

Shops:
D:1 *   D:3 :

Annotations:
D:4 Pikel


Innate Abilities, Weirdness & Mutations

You have a pair of horns on your head.
You reflexively headbutt those who attack you in melee.


Message History

The lemure hits you.
You shoot an arrow. The arrow closely misses the lemure.
The lemure completely misses you.
You shoot an arrow. The arrow closely misses the lemure.
The lemure hits you.
You shoot an arrow. The arrow hits the lemure.
The lemure is severely wounded.
The lemure misses you.
You shoot an arrow. The arrow completely misses the lemure.
The lemure barely misses you. The lemure hits you.
You shoot an arrow.
The arrow hits the lemure but does no damage.
The lemure is severely wounded.
Pikel hits you with a +2 whip of electrocution!
You are electrocuted!
The lemure hits you.
You are too injured to fight recklessly!
You are too injured to fight recklessly!
You shoot an arrow.
The arrow hits Pikel but does no damage.
The lemure barely misses you.
Pikel hits you with a +2 whip of electrocution!
* * * LOW HITPOINT WARNING * * *
Unknown command.
You shoot an arrow.
The arrow hits Pikel but does no damage.
The lemure hits you but does no damage. Pikel closely misses you.
Unknown command.
You shoot an arrow. The arrow hits Pikel.
Pikel is lightly wounded.
The lemure hits you.
* * * LOW HITPOINT WARNING * * *
Pikel barely misses you.
You shoot an arrow. The arrow barely misses Pikel.
The lemure barely misses you.
Pikel hits you with a +2 whip of electrocution!
* * * LOW HITPOINT WARNING * * *
You shoot an arrow. The arrow hits Pikel.
Pikel is lightly wounded.
Pikel hits you with a +2 whip of electrocution!
You die...
Pikel says, "See you in Hell!"

#.#####..#####...........###..#
#..).)...# #...........####.###
########.# #..............†...#
#.#.# #...................
######...# #.................#.
........## #.................#.
####....###############..........
#....##.......# ##........##
#............@# #.........#
#.....^).....K5.............#
#..........##...........#####
#..[.........##......####.#
#............######### #.#
#.............. #.#
#............### #..
######.......'. .. #.......##


You could see Pikel and a lemure.

Vanquished Creatures
  3 lemures (D:4)
  An orc priest (D:4)
  An iguana (D:4)
  An orc wizard (D:4)
  7 adders
  5 dart slugs
  3 orcs
  9 endoplasms
  5 giant cockroaches
  A goblin (D:2)
  5 hobgoblins
  3 jackals (D:2)
  8 kobolds
  5 quokkas
  9 ball pythons
  6 bats
  2 frilled lizards (D:1)
  4 rats
78 creatures vanquished.

Notes
Turn   | Place    | Note
-------+----------+-------------------------------------------
     0 | D:1      | porpoise the Minotaur Hunter began the quest for the Orb.
     0 | D:1      | Reached XP level 1. HP: 18/18 MP: 0/0
     3 | D:1      | You fall into a shaft and drop 1 floor!
    34 | D:2      | Reached skill level 1 in Armour
    40 | D:2      | Reached XP level 2. HP: 23/25 MP: 1/1
   152 | D:1      | Found Qicaun's Assorted Antiques.
   240 | D:1      | Reached XP level 3. HP: 31/31 MP: 2/2
   260 | D:1      | Found a faded altar of an unknown god.
   839 | D:2      | Reached skill level 5 in Ranged Weapons
   889 | D:2      | Reached XP level 4. HP: 40/40 MP: 3/3
  1869 | D:3      | Found Eliguf's Book Shoppe.
  2256 | D:4      | Reached XP level 5. HP: 45/47 MP: 4/4
  2305 | D:4      | Noticed a lemure
  2305 | D:4      | Noticed a lemure
  2306 | D:4      | Noticed a lemure
  2318 | D:4      | Reached skill level 5 in Fighting
  2324 | D:4      | Killed a lemure
  2340 | D:4      | Killed a lemure
  2511 | D:4      | Noticed a lemure
  2530 | D:4      | Killed a lemure
  2592 | D:4      | Reached skill level 6 in Ranged Weapons
  2608 | D:4      | Noticed Pikel
  2620 | D:4      | Slain by Pikel

Illustrated notes

Levels and vault maps discovered:
D:1:      lightli_arrival_chessboard, layout_basic, serial_shops, shop,
          nicolae_ecumenical_snake_handling
D:2:      layout_rooms
D:3:      layout_basic, serial_shops, shop, kennysheep_cluttered_room
D:4:      layout_basic, gup_sewer_entry_spiral, uniq_crazy_yiuf_cottage,
          uniq_pikel

Skill      XL: |  1  2  3  4  5 |
---------------+----------------+-----
Armour         | 1 2 |  2.0
Fighting       | 3 4 5 |  5.1
Ranged Weapons | 5 6 |  6.1
Dodging        | |  2.1
Stealth        | |  0.7

Action                     |  1- 3 |  4- 6 || total
---------------------------+-------+-------++-------
  Melee: Dagger            |       |     1 ||     1
         Headbutt          |       |     1 ||     1
   Fire: Shortbow          |   105 |   140 ||   245
    Use: Scroll            |       |     9 ||     9
 Armour: Leather armour    |    12 |    44 ||    56
  Dodge: Dodged            |    20 |    32 ||    52

Table legend: (Time is in decaauts)
 A = Elapsed time spent in this place.
 B = Non-inter-level travel time spent in this place.
 C = Inter-level travel time spent in this place.
 D = Time resting spent in this place.
 E = Time spent auto-exploring this place.
 F = Levels seen in this place.
 G = Mean time per level.
                   A        B        C        D        E       F      G
               +--------+--------+--------+--------+--------+-----+--------+
         Total |   2658 |   2550 |    108 |    228 |   1850 |   4 |  664.5 |
       Dungeon |   2658 |   2550 |    108 |    228 |   1850 |   4 |  664.5 |
               +--------+--------+--------+--------+--------+-----+--------+

Top non-repeatable levels by time:
     D:3: 994 daAuts
     D:1: 678 daAuts
     D:2: 555 daAuts
     D:4: 429 daAuts
